 Dungeon Crawl Stone Soup version 0.23-a0-612-gcb482e9 (console) character file.

88 Duffy the Chopper (level 4, -8/39 HPs)
             Began as a Naga Gladiator on Dec 21, 2018.
             Was a Follower of Cheibriados.
             Mangled by Crazy Yiuf
             ... wielding a +3 quarterstaff of chaos
              (11 damage)
             ... on level 2 of the Dungeon.
             The game lasted 00:01:28 (2096 turns).

Duffy the Chopper (Naga Gladiator)                  Turns: 2096, Time: 00:01:29

Health: -8/39      AC:  5    Str: 21    XL:     4   Next: 54%
Magic:  4/4        EV: 10    Int: 11    God:    Cheibriados [*.....]
Gold:   55         SH:  0    Dex: 15    Spells: 3/3 levels left

rFire    . . .     SeeInvis +   a - +0 war axe
rCold    . . .     Gourm    .   (no shield)
rNeg     . . .     Faith    .   b - +0 leather armour
rPois    +         Spirit   .   r - +2 helmet
rElec    .         Reflect  .   (no cloak)
rCorr    .         Harm     .   (no gloves)
MR       .....                  (no barding)
Stlth    +.........             (no amulet)
HPRegen  0.13/turn              (no ring)
MPRegen  0.09/turn              (no ring)

@: lethally poisoned (-8 -> -10), very slow
A: large, see invisible, deformed body, poison resistance, slowness 2, slow
metabolism 1, spit poison 1, AC +1
a: Spit Poison, Bend Time, Renounce Religion


You were on level 2 of the Dungeon.
You worshipped Cheibriados.
Cheibriados was aware of your devotion.
You were not hungry.

You visited 1 branch of the dungeon, and saw 2 of its levels.

You collected 55 gold pieces.

Inventory:

Hand Weapons
 a - a +0 war axe (weapon)
Missiles
 d - 3 throwing nets (quivered)
Armour
 b - a +0 leather armour (worn)
 r - a +2 helmet (worn)
Jewellery
 l - an uncursed ring of fire
Scrolls
 j - a scroll of enchant weapon {unknown}
 m - a scroll of identify {unknown}
 n - a scroll of magic mapping {unknown}
 t - a scroll of teleportation {unknown}
Potions
 c - a potion of curing {unknown}
 e - a potion of flight {unknown}
 g - a potion of ambrosia {unknown}
 h - a potion of invisibility {unknown}
 i - a potion of cancellation {unknown}
 k - 2 potions of haste {unknown}
 o - a potion of degeneration {unknown}
 p - a potion of heal wounds {unknown}
 q - a potion of lignification {unknown}
 u - a potion of might {unknown}
Comestibles
 f - 5 rations


   Skills:
 - Level 2.0 Fighting
 + Level 5.2 Axes
 - Level 1.7 Throwing
 - Level 2.4 Dodging


You had 3 spell levels left.
You didn't know any spells.
Your spell library was empty.

Dungeon Overview and Level Annotations

Branches:
Dungeon (2/15)

Altars:
Cheibriados

Annotations:
D:2 Crazy Yiuf


Innate Abilities, Weirdness & Mutations

You cannot wear boots.
Your serpentine skin is tough. (AC +1)
You have supernaturally acute eyesight. (SInv)
Armour fits poorly on your strangely shaped body.
Your system is resistant to poisons. (rPois)
You cover ground very slowly.
You have a slow metabolism.
You can spit poison.


Message History

Crazy Yiuf hits you with a +3 quarterstaff of chaos!
Crazy Yiuf freezes you.
There is an open door, spattered with blood here.
You closely miss Crazy Yiuf.
Crazy Yiuf is lightly wounded.
Crazy Yiuf hits you with a +3 quarterstaff of chaos.
You are poisoned.
You completely miss Crazy Yiuf.
Crazy Yiuf is lightly wounded.
You feel sick. Crazy Yiuf closely misses you.
You hit Crazy Yiuf.
Crazy Yiuf is moderately wounded.
Crazy Yiuf hits you with a +3 quarterstaff of chaos!
Crazy Yiuf hits you with a +3 quarterstaff of chaos.
Crazy Yiuf freezes you.
You barely miss Crazy Yiuf.
Crazy Yiuf is moderately wounded.
You have got your breath back.
You feel sick. Crazy Yiuf hits you but does no damage.
You are electrocuted!
You die...

............#
#....#
.#.#........#
7....7
.#.####.....#
7...77
###.#.......#
77.77
##.##.#######
7.77 #.###.#
77.7 ##_##.#
7.77 ##.#.#
77.7 ##.##.#
#@# #.##..#
#.g.# ##.#.##
#...# #)#.#
#..)# #...#
##### #####


You could see Crazy Yiuf.

Vanquished Creatures
  Robin (D:2)
  2 adders (D:2)
  An ooze (D:1)
  2 worms (D:2)
  3 dart slugs
  6 bats
  A giant cockroach (D:1)
  10 goblins
  7 hobgoblins
  2 jackals (D:1)
  A ball python (D:2)
  4 kobolds
  5 rats
45 creatures vanquished.

Notes
Turn   | Place    | Note
-------+----------+-------------------------------------------
     0 | D:1      | Duffy the Naga Gladiator began the quest for the Orb.
     0 | D:1      | Reached XP level 1. HP: 19/19 MP: 1/1
   185 | D:1      | Reached XP level 2. HP: 24/26 MP: 2/2
   279 | D:2      | Reached skill level 4 in Axes
   464 | D:2      | Reached XP level 3. HP: 21/32 MP: 3/3
   466 | D:2      | Found a snail-covered altar of Cheibriados.
   476 | D:2      | Became a worshipper of Cheibriados the Contemplative
  1183 | D:2      | Reached * piety under Cheibriados
  1580 | D:2      | Noticed Robin
  1583 | D:2      | Reached XP level 4. HP: 34/39 MP: 4/4
  1589 | D:2      | Killed Robin
  1589 | D:2      | Reached skill level 5 in Axes
  2013 | D:2      | Found a runed door.
  2058 | D:2      | Found a faded altar of an unknown god.
  2090 | D:2      | Noticed Crazy Yiuf
  2096 | D:2      | Mangled by Crazy Yiuf

Vault maps used:
D:1:      dpeg_arrival_boxorama, serial_curves, eino_curves_04, eino_curves_01,
          eino_curves_01
D:2:      kennysheep_slug_shrine, chequers_ecumenical_altar_twisty,
          minmay_tetromino_l2, uniq_robin, uniq_crazy_yiuf_cottage

Skill      XL: |  1  2  3  4 |
---------------+-------------+-----
Axes           | 4 5 |  5.2
Fighting       | |  2.0
Throwing       | |  1.7
Dodging        | |  2.4

Action                   |  1- 3 |  4- 6 || total
-------------------------+-------+-------++-------
Melee: War axe           |    78 |    35 ||   113
 Abil: Spit Poison       |     4 |     2 ||     6
 Stab: Sleeping          |       |     1 ||     1
  Eat: Chunk             |     1 |     1 ||     2
Armor: Leather armour    |    30 |    14 ||    44
Dodge: Dodged            |    63 |    23 ||    86

Table legend:
 A = Non-vault XP
 B = Vault XP
 C = Vault XP percentage of total XP
 D = Non-vault monster count
 E = Vault monster count
 F = Vault count percentage of total count
                 A         B        C        D         E       F
            +---------+---------+-------+---------+---------+-------
      Total |      87 |      40 |  31.5 |      31 |      14 |  31.1
            +---------+---------+-------+---------+---------+-------
        D:1 |      38 |       0 |   0.0 |      17 |       0 |   0.0
        D:2 |      49 |      40 |  44.9 |      14 |      14 |  50.0
            +---------+---------+-------+---------+---------+-------
